 Dungeon Crawl Stone Soup version 0.31-a0-949-g57150269e1 (webtiles) character file.

Game seed: 10428654537328815794

60913 miscthings the Mimic (level 14, -8/129 (133) HPs)
             Began as a Troll Shapeshifter on Oct 22, 2023.
             Was the Champion of Makhleb.
             Killed by divine providence
             ... invoked by an orc priest
              (14 damage)
             ... on level 2 of the Orcish Mines.
             The game lasted 00:39:21 (16189 turns).

miscthings the Mimic (Troll Shapeshifter)          Turns: 16189, Time: 00:39:22

HP:   -8/129 (133)  AC: 20    Str: 25    XL:     14   Next: 58%
MP:   18/18         EV: 13    Int:  8    God:    Makhleb [******]
Gold: 2903          SH:  0    Dex: 19    Spells: 13/13 levels left

rFire   . .          .
                       - Unarmed
rCold   . . .        (shield currently unavailable)
rNeg    . . .        o - +0 swamp dragon scales
rPois   +            x - +3 crown of Dyrovepreva {rElec Int+2 SInv}
rElec   +            i - +2 cloak
rCorr   .            (gloves unavailable)
SInv    +            (boots unavailable)
Will    ++...        (no amulet)
Stlth   +            Y - +4 ring of protection
HPRegen 1.21/turn    I - +6 ring of dexterity
MPRegen 0.16/turn

%: no passive effects
@: flux-form, glowing, lightly drained
A: glow, contaminating, large, unfitting armour, claws 3, regeneration 1, shaggy
fur 1, tough skin 1, see invisible, strong-willed 1, screaming 1, evolution 1
a: Begin Untransformation, Renounce Religion, Minor Destruction, Lesser Servant
of Makhleb, Major Destruction, Greater Servant of Makhleb


You were on level 2 of the Orcish Mines.
You worshipped Makhleb.
Makhleb was exalted by your worship.
You were something dangerously unstable.
You visited 4 branches of the dungeon, and saw 19 of its levels.
You also visited: Ossuary.

You collected 3594 gold pieces.
You spent 691 gold pieces at shops.

Inventory:

Missiles
 y - a throwing net
 A - 2 javelins (quivered)
Armour
 i - a +2 cloak (worn)
 o - +0 swamp dragon scales (worn)
 x - the +3 crown of Dyrovepreva (worn) {rElec Int+2 SInv}
   (You bought it in a shop on level 4 of the Dungeon)

   Int+2:     It affects your intelligence (+2).
   rElec:     It insulates you from electricity.
   SInv:      It lets you see invisible.
 O - +0 acid dragon scales
 P - a +0 troll leather armour
 R - a +1 robe of cold resistance
Magical Staves
 Z - the staff "Biuhuono" {rElec rC+++ Str-3 Int+4 Conj}
   (You found it on level 7 of the Dungeon)

   [staff of conjuration]

   Base accuracy: +5 Base damage: 5 Base attack delay: 1.2 This weapon's minimum
   attack delay (0.6) is reached at skill level 12.
   Str-3:     It affects your strength (-3).
   Int+4:     It affects your intelligence (+4).
   rC+++:     It renders you almost immune to cold.
   rElec:     It insulates you from electricity.
   Conj:      It increases the power of your Conjurations spells.
   It falls into the 'Staves' category.
   It is a one-clawed weapon.
Jewellery
 e - a ring of poison resistance
 p - a ring of flight
 B - a ring of fire
 I - a +6 ring of dexterity (right claw)
 S - a ring of protection from cold
 T - a ring of willpower
 Y - a +4 ring of protection (left claw)
Talismans
 c - a beast talisman
 d - a flux talisman (active)
Wands
 C - a wand of mindburst (6)
 E - a wand of paralysis (11)
 G - a wand of polymorph (15)
 U - a wand of digging (2)
 W - a wand of flame (28)
Scrolls
 a - a scroll of enchant weapon {unknown}
 j - 6 scrolls of teleportation
 l - 2 scrolls of fear
 n - 2 scrolls of poison
 q - 6 scrolls of immolation
 t - 3 scrolls of fog
 u - 2 scrolls of blinking
 w - a scroll of butterflies {unknown}
 z - a scroll of torment {unknown}
 D - a scroll of amnesia {unknown}
 H - a scroll of brand weapon {unknown}
 Q - a scroll of silence {unknown}
 V - a scroll of vulnerability {unknown}
Potions
 b - 4 potions of lignification
 f - 5 potions of haste
 g - a potion of cancellation {unknown}
 h - 3 potions of attraction
 k - 6 potions of curing
 m - 3 potions of heal wounds
 r - 2 potions of berserk rage
 s - 5 potions of enlightenment
 v - 5 potions of invisibility
 F - 2 potions of resistance {unknown}
 J - 2 potions of magic {unknown}
 K - a potion of ambrosia {unknown}
 L - 3 potions of mutation
 M - 2 potions of degeneration {unknown}
 N - 2 potions of might {unknown}
 X - a potion of brilliance {unknown}


   Skills:
 + Level 7.5 Fighting
 - Level 6.0 Throwing
 + Level 3.2 Armour
 + Level 7.4 Dodging
 * Level 12.6 Unarmed Combat
 + Level 7.2 Invocations
 * Level 11.5 Evocations
 + Level 13.0 Shapeshifting


You had 13 spell levels left.
You didn't know any spells.
Your spell library contained the following spells:

 Spells                   Type           Power      Damage    Failure   Level
 Summon Small Mammal      Summ           0%         N/A       54%         1
 Blink                    Tloc           0%         N/A       69%         2
 Lesser Beckoning         Tloc           0%         N/A       69%         2
 Momentum Strike          Conj/Tloc      0%         3d8       69%         2
 Sublimation of Blood     Necr           0%         N/A       69%         2
 Wereblood                Tmut           0%         N/A       69%         2
 Call Canine Familiar     Summ           0%         N/A       89%         3
 Gell's Gravitas          Tloc           0%         N/A       89%         3
 Summon Guardian Golem    Hex/Summ       0%         N/A       89%         3
 Teleport Other           Tloc           0%         N/A       89%         3
 Manifold Assault         Tloc           0%         N/A       100%        4
 Dispersal                Tloc           0%         N/A       100%        6
 Summon Hydra             Summ           0%         N/A       100%        7
 Disjunction              Tloc           0%         N/A       100%        8


Dungeon Overview and Level Annotations

Branches:
Dungeon (11/15)            Temple (1/1) D:6            Lair (5/5) D:10
 Shoals (0/4) Lair:3       Spider (0/4) Lair:3        Slime (0/5) Lair:5
    Orc (2/2) D:9             Elf (0/3) Orc:2       Ossuary (visited)

Altars:
Ashenzari
Cheibriados
Dithmenos
Elyvilon
Fedhas
Gozag
Hepliaklqana
Kikubaaqudgha
Makhleb
Nemelex Xobeh
Okawaru
Qazlal
Ru
Sif Muna
Trog
Uskayaw
Vehumet
Wu Jian
Xom
Yredelemnul
Zin
The Shining One
Jiyva

Shops:
D:1 *   D:4 [


Innate Abilities, Weirdness & Mutations

You are something dangerously unstable.
You glow with magical radiation, making you easy to see and hit.
Foes you strike become dangerously contaminated with magical radiation.
You are incapable of wielding weapons or throwing items.
You are too large for most types of armour.
You have claws for hands.
Your natural rate of healing is unusually fast.
You are covered in fur. (AC +1)
You have tough skin. (AC +1)
You have supernaturally acute eyesight. (SInv)
You are strong-willed. (Will+)
You occasionally shout uncontrollably at your foes.
You have hidden genetic potential.


Message History

The sixfirhy shocks you. You resist.
The orc high priest hits you but does no damage.
You scratch the orc high priest.
The orc high priest shudders as magic cascades through it!!
The orc high priest twists and deforms.
The orc high priest is severely wounded.
The sixfirhy barely misses you.
The sixfirhy hits you but does no damage.
The orc priest closely misses you.
The orc priest calls down the wrath of Beogh upon you.
Beogh smites you!
The sixfirhy hits you but does no damage.
You scratch the orc high priest but do no damage.
The orc high priest begins to glow.
The orc high priest is severely wounded.
The sixfirhy completely misses you.
The orc high priest invokes the aid of Beogh against you.
You resist with almost no effort.
The orc priest calls down the wrath of Beogh upon you.
Beogh smites you!
* * * LOW HITPOINT WARNING * * *
The orc priest calls upon Beogh to heal the orc priest.
The orc priest is healed somewhat.
You scratch the orc high priest.
The orc high priest glows dangerously bright.
The orc high priest is severely wounded.
The orc priest invokes the aid of Beogh against you.
Beogh smites you!
* * * LOW HITPOINT WARNING * * *
The orc high priest hits you but does no damage.
The orc priest begins to cast a cantrip, but forgets the words!
The orc priest mumbles some strange prayers to Beogh against you.
Beogh smites you!
* * * LOW HITPOINT WARNING * * *
Blink to where?
Press: ? - help, Dir - move target
As you read the scroll of blinking, it crumbles to dust.
The orc priest calls down the wrath of Beogh upon you.
Beogh smites you!
You die...

#..# #..#. #.o# #. #oo#
#. #o4# #. #oo# #.
#33## ##. #.)o## ##..
##.o.###############...
##...p...............#
####################.
## #. ## #


You could see a soul eater (summoned), an orc high priest (heavy contam,
misshapen), a sixfirhy (summoned) and 2 orc priests.

Vanquished Creatures
  Rupert (Lair:3)
  A dire elephant (Lair:5)
  Fannar (D:10)
  The ghost of sammy202020 the Fighter, a journeyman GrBe of Trog (Lair:2)
  A hydra (Lair:4)
  3 catoblepae (Lair:5)
  A great orb of eyes (Lair:4)
  2 two-headed ogres (D:9)
  A boulder beetle (Lair:2)
  3 death yaks (Lair:5)
  3 skysharks
  Amaemon (Lair:1)
  The ghost of Arex the Ruffian, a novice VSFi of Lugonu (Lair:1)
  A fire crab (Lair:4)
  A sea snake (Lair:5)
  3 lindwurms
  A mana viper (Lair:4)
  The ghost of DocEon the Thaumaturge, a novice DECj of Vehumet (D:7)
  A wolf spider (Lair:3)
  5 orc sorcerers
  A salamander (Lair:5)
  2 manticores (Lair:5)
  4 black mambas
  10 cane toads
  23 elephants
  Maggie (D:6)
  2 torpor snails
  An orange demon (Lair:1)
  2 gargoyles
  Jeremiah (D:9)
  6 rime drakes
  12 komodo dragons
  4 trolls
  6 polar bears
  4 dream sheep
  10 blink frogs
  Prince Ribbit (D:6)
  A snapping turtle (Lair:3)
  Sigmund (D:7)
  2 shadows
  8 wyverns
  A water elemental (Lair:3)
  9 wraiths
  3 fire bats
  2 fire elementals (Lair:5)
  27 yaks
  A redback (Lair:3)
  6 basilisks
  3 wargs
  12 water moccasins
  3 acid dragons
  12 orc warriors
  A sky beast (D:6)
  6 black bears
  An ice beast (D:8)
  The ghost of jujuben the Ruffian, an amateur TrSh (D:3)
  5 ogres
  17 wolves
  7 centaurs
  2 phantoms
  14 bullfrogs
  2 gnoll sergeants
  4 scorpions
  6 howler monkeys
  4 electric eels
  4 quasits (D:3)
  3 hounds
  2 jellies
  Crazy Yiuf (D:5)
  6 orc priests
  3 sleepcaps
  An iguana (D:7)
  23 orc wizards
  9 mummies
  Robin (D:2)
  11 gnolls
  9 adders
  3 shadow imps
  8 ufetubi
  2 worms (D:2)
  2 dart slugs
  45 orcs
  15 bats
  7 endoplasms
  2 giant cockroaches
  22 goblins
  9 hobgoblins
  3 jackals (D:4)
  2 quokkas
  5 ball pythons
  5 frilled lizards
  2 gnoll zombies (Ossuary)
  3 hobgoblin zombies (Ossuary)
  7 kobolds
  2 kobold zombies
  3 orc zombies
  7 rats
511 creatures vanquished.

Vanquished Creatures (others)
  An orc priest (Orc:2)
1 creature vanquished.

Grand Total: 512 creatures vanquished

Notes
Turn   | Place    | Note
-------+----------+-------------------------------------------
     0 | D:1      | miscthings the Troll Shapeshifter began the quest for the
                  | Orb.
     0 | D:1      | Reached XP level 1. HP: 18/18 MP: 0/0
   114 | D:1      | Reached XP level 2. HP: 26/26 MP: 1/1
   373 | D:1      | Reached skill level 4 in Shapeshifting
   383 | D:1      | Reached XP level 3. HP: 32/32 MP: 2/2
   418 | D:1      | Found Inanaez's Assorted Antiques.
   428 | D:1      | Bought a scroll labelled QYNIDE GOGI for 20 gold pieces
   428 | D:1      | Bought an amethyst potion for 18 gold pieces
   428 | D:1      | Bought a scroll labelled MAR YZUCSETT for 20 gold pieces
   428 | D:1      | Bought an amethyst potion for 18 gold pieces
   894 | D:2      | Noticed Robin
   932 | D:2      | Killed Robin
   933 | D:2      | Reached XP level 4. HP: 26/40 MP: 3/3
  1353 | D:2      | Found a faded altar of an unknown god.
  1913 | D:1      | Bought a green potion for 18 gold pieces
  1913 | D:1      | Bought a brown potion for 18 gold pieces
  2066 | D:3      | Noticed jujuben's ghost (amateur TrSh)
  2234 | D:3      | Found a transporter.
  2262 | D:3      | Reached skill level 5 in Shapeshifting
  2389 | D:3      | Found a transporter.
  2685 | D:4      | Reached XP level 5. HP: 24/46 MP: 4/4
  2738 | D:4      | Reached skill level 6 in Shapeshifting
  2749 | D:4      | Found a bloodstained altar of Trog.
  2795 | D:4      | Reached XP level 6. HP: 41/54 MP: 5/5
  2898 | D:4      | Found Wixeov's Armour Emporium.
  2946 | D:4      | Found a shimmering blue altar of Sif Muna.
  3091 | D:4      | Reached skill level 7 in Shapeshifting
  3191 | D:5      | Entered Level 5 of the Dungeon
  3192 | D:5      | Identified 2 scrolls of acquirement
  3192 | D:5      | Acquired a manual of Evocations
  3194 | D:5      | Acquired a manual of Shapeshifting
  3202 | D:5      | Reached skill level 1 in Fighting
  3228 | D:5      | Reached skill level 1 in Evocations
  3228 | D:5      | Reached XP level 7. HP: 58/62 MP: 6/6
  3383 | D:5      | Reached skill level 1 in Throwing
  3740 | D:5      | Found a sparkling altar of Nemelex Xobeh.
  4206 | D:5      | Found a runed translucent door.
  4207 | D:5      | Noticed Crazy Yiuf
  4216 | D:5      | Killed Crazy Yiuf
  4327 | D:6      | Noticed Maggie
  4334 | D:6      | Reached XP level 8. HP: 72/72 MP: 7/7
  4344 | D:6      | Killed Maggie
  4358 | D:6      | Reached skill level 5 in Unarmed Combat
  4422 | D:6      | Reached skill level 8 in Shapeshifting
  4767 | D:6      | Found a staircase to the Ecumenical Temple.
  4773 | Temple   | Entered the Ecumenical Temple
  4788 | Temple   | Became a worshipper of Makhleb the Destroyer
  5174 | D:6      | Noticed Prince Ribbit
  5192 | D:6      | Killed Prince Ribbit
  5773 | D:7      | Reached XP level 9. HP: 77/80 MP: 8/8
  5816 | D:7      | Found a transporter.
  5820 | D:7      | Noticed DocEon's ghost (novice DECj)
  5830 | D:7      | Found a transporter.
  5852 | D:7      | Identified the +4 whip of Qaapher {speed, Str+3 Stlth+}
  5936 | D:7      | Noticed Edmund
  5938 | D:7      | Edmund changed into Edmund the acid dragon
  5938 | D:7      | Noticed Edmund
  5946 | D:7      | Killed Edmund the acid dragon
  5947 | D:7      | Reached skill level 1 in Invocations
  5947 | D:7      | Reached skill level 5 in Evocations
  5953 | D:7      | Noticed Sigmund
  5960 | D:7      | Killed Sigmund
  6268 | D:7      | Noticed a gargoyle
  6423 | D:3      | Killed jujuben's ghost
  6725 | D:8      | Reached * piety under Makhleb
  6969 | D:8      | Found a sand-covered staircase.
  6976 | Ossuary  | Entered an ossuary
  7500 | D:9      | Found a radiant altar of Vehumet.
  7500 | D:9      | Noticed Jeremiah
  7515 | D:9      | Killed Jeremiah
  7516 | D:9      | Reached skill level 9 in Shapeshifting
  7516 | D:9      | Reached XP level 10. HP: 71/86 MP: 10/10
  7552 | D:9      | Noticed a two-headed ogre
  7558 | D:9      | Killed a two-headed ogre
  7617 | D:9      | Found a staircase to the Orcish Mines.
  7659 | D:9      | Noticed a two-headed ogre
  7662 | D:9      | Killed a two-headed ogre
  7687 | D:9      | Reached ** piety under Makhleb
  7893 | D:9      | Noticed a gargoyle
  7901 | D:9      | Killed a gargoyle
  8288 | D:10     | Entered Level 10 of the Dungeon
  8313 | D:10     | Found a staircase to the Lair.
  8798 | D:10     | Reached XP level 11. HP: 101/101 MP: 12/12
  9013 | D:10     | Noticed Fannar
  9028 | D:10     | Killed Fannar
  9029 | D:10     | Reached skill level 10 in Shapeshifting
  9181 | D:11     | Reached *** piety under Makhleb
  9182 | D:11     | Reached skill level 5 in Throwing
  9220 | Lair:1   | Entered Level 1 of the Lair of Beasts
  9306 | Lair:1   | Reached skill level 5 in Dodging
  9327 | Lair:1   | Noticed Amaemon
  9339 | Lair:1   | Killed Amaemon
  9340 | Lair:1   | Reached skill level 5 in Fighting
  9657 | Lair:1   | Acquired 833 gold pieces
  9896 | Lair:1   | Found a runed translucent door.
  9897 | Lair:1   | Noticed Arex's ghost (novice VSFi)
 10366 | Lair:2   | Reached XP level 12. HP: 111/111 MP: 14/14
 10458 | Lair:2   | Identified the +4 falchion of Yredelemnul's Envy
                  | {antimagic, Fly rF+}
 10510 | Lair:2   | Reached skill level 5 in Invocations
 10522 | Lair:2   | Reached skill level 11 in Shapeshifting
 10528 | Lair:2   | Found a runed translucent gate.
 10528 | Lair:2   | Found a runed translucent gate.
 10528 | Lair:2   | Found a runed translucent gate.
 10530 | Lair:2   | Noticed a boulder beetle
 10558 | Lair:2   | Noticed sammy202020's ghost (journeyman GrBe)
 10604 | Lair:2   | Reached **** piety under Makhleb
 11000 | Lair:3   | Noticed Rupert
 11059 | Lair:3   | Found a hole to the Spider Nest.
 11066 | Lair:3   | Reached skill level 10 in Unarmed Combat
 11319 | D:4      | Bought the +3 crown of Dyrovepreva {rElec Int+2 SInv} for
                  | 579 gold pieces
 11319 | D:4      | Found the +3 crown of Dyrovepreva {rElec Int+2 SInv}
 11735 | Lair:3   | Found a staircase to the Shoals.
 11880 | Lair:3   | Reached skill level 10 in Evocations
 12165 | Lair:3   | Killed Rupert
 12662 | Lair:4   | Reached XP level 13. HP: 120/120 MP: 16/16
 12688 | Lair:4   | Noticed Josephine
 12690 | Lair:4   | Josephine changed into Josephine the mana viper
 12690 | Lair:4   | Noticed Josephine
 12694 | Lair:4   | Killed Josephine the mana viper
 12828 | Lair:4   | Reached ***** piety under Makhleb
 13498 | Lair:5   | Entered Level 5 of the Lair of Beasts
 13525 | Lair:5   | Reached skill level 12 in Shapeshifting
 13651 | Lair:5   | Gained mutation: You are strong-willed. (Will+) [potion of
                  | mutation]
 13651 | Lair:5   | Gained mutation: You occasionally shout uncontrollably at
                  | your foes. [potion of mutation]
 13651 | Lair:5   | Gained mutation: You have hidden genetic potential. [potion
                  | of mutation]
 13708 | Lair:5   | Reached skill level 1 in Armour
 13923 | Lair:5   | HP: 4/123 [fire elemental (4)]
 14439 | Lair:5   | Found a viscous altar of Jiyva.
 14440 | Lair:5   | Found a staircase to the Slime Pits.
 14523 | Lair:5   | Reached XP level 14. HP: 133/133 MP: 18/18
 14971 | Orc:1    | Entered Level 1 of the Orcish Mines
 15068 | D:7      | Killed DocEon's ghost
 15083 | D:7      | Gained mutation: You have supernaturally acute eyesight.
                  | (SInv) [hidden potential]
 15127 | D:7      | Identified the staff "Biuhuono" {rElec rC+++ Str-3 Int+4
                  | Conj}
 15245 | Lair:1   | Killed Arex's ghost
 15311 | Lair:2   | Killed sammy202020's ghost
 15452 | Orc:1    | Reached ****** piety under Makhleb
 15546 | Orc:1    | Reached skill level 13 in Shapeshifting
 15806 | Orc:2    | Entered Level 2 of the Orcish Mines
 15912 | Orc:2    | Found a staircase to the Elven Halls.
 16024 | Orc:2    | Paralysed by an orc sorcerer for 2 turns
 16188 | Orc:2    | HP: 5/129 [orc priest/divine providence (15)]
 16189 | Orc:2    | Killed from afar by an orc priest

Illustrated notes

Levels and vault maps discovered:
D:1:      lemuel_arrival_muddy, layout_loops_ring, serial_shops,
          nicolae_shop_overgrown_old_shop
D:2:      layout_basic, hellmonk_ecumenical_altar_blasted,
          minmay_misc_feat_cross, uniq_robin
D:3:      layout_loops_ring, gammafunk_ghost_stat_death, serial_bayou_pond_d
D:4:      layout_rooms, kennysheep_orc_sif_temple, general_overflow_altar,
          serial_shops, shop
D:5:      layout_loops_corners, mainiacjoe_overflow_cross_hatched,
          uniq_crazy_yiuf_cottage
D:6:      layout_layer_cave, temple_green, st_stairs_7,
          ebering_dispersal_statue_hall, uniq_prince_ribbit1, uniq_maggie
D:7:      layout_rooms, nzn_ghost_randoct, sigmund_edmund_badplayer
D:8:      layout_gridville, nicolae_ossuary_entry_giza, st_stairs_8,
          kennysheep_generic_room_14
D:9:      layout_stronghold, kennysheep_little_box, orc_0_dummy, uniq_jeremiah
D:10:     layout_basic, due_lair_maze_entry_diamond, uniq_fannar
D:11:     layout_gridville, serial_shops, shop, billiards_dpeg
Temple:   regret_index_temple_chain_breaker
Lair:1:   layout_regular_city, ebering_ghost_inner_flame, uniq_amaemon
Lair:2:   layout_chaotic_city, gammafunk_ghost_split, beast_lair_carwin_9,
          grunt_megastairs_1
Lair:3:   layout_cave_pods, minmay_shoals_entry_hut, spider_nest_entry_rubble,
          disabler_island, uniq_rupert
Lair:4:   layout_cave_pods, lemuel_fruit_fields, serial_bayou_shore_a,
          uniq_josephine
Lair:5:   hangedman_lair_in_review, layout_gridlike, slime_entry_1
Orc:1:    layout_caves, basic_altar
Orc:2:    st_orc_mages, layout_diamond_mine, roderic_batcave

Skill      XL: |  1  2  3  4  5  6  7  8  9 10 11 12 13 14 |
---------------+-------------------------------------------+-----
Shapeshifting  | 4 5 6 7 8 9 10 11 12 13 | 13.0
Fighting       | 1 2 3 4 5 6 7 |  7.5
Evocations     | 1 3 4 6 8 9 10 11 | 11.5
Throwing       | 1 2 3 4 5 6 |  6.0
Dodging        | 2 3 4 5 6 7 |  7.4
Unarmed Combat | 4 5 6 8 9 10 11 12 | 12.6
Invocations    | 2 3 4 5 6 7 |  7.2
Armour         | 2 3 |  3.2

Action                     |  1- 3 |  4- 6 |  7- 9 | 10-12 | 13-15 || total
---------------------------+-------+-------+-------+-------+-------++-------
  Melee: Unarmed           |    84 |   122 |   317 |   539 |   752 ||  1814
         Punch             |       |     3 |     3 |     6 |       ||    12
  Throw: Javelin           |       |       |     7 |       |       ||     7
Ability: Begin Untransform |       |     1 |       |     1 |       ||     2
  Evoke: Wand              |       |       |     9 |    15 |    14 ||    38
    Use: Scroll            |       |     6 |     4 |     9 |     3 ||    22
         Potion            |       |       |     1 |     2 |     5 ||     8
   Stab: Sleeping          |     1 |     2 |       |     1 |       ||     4
         Paralysed         |       |       |     7 |     3 |    11 ||    21
         Petrifying        |       |       |       |       |     1 ||     1
 Armour: Animal skin       |    52 |    70 |    82 |       |       ||   204
         Swamp dragon scal |       |       |   215 |   103 |   535 ||   853
         Troll leather arm |       |       |       |   384 |    77 ||   461
  Dodge: Dodged            |    33 |    31 |   159 |   334 |   465 ||  1022
   Form: Beast             |       |     1 |     1 |     2 |       ||     4
         Flux              |       |       |     2 |     3 |       ||     5

Table legend: (Time is in decaauts)
 A = Elapsed time spent in this place.
 B = Non-inter-level travel time spent in this place.
 C = Inter-level travel time spent in this place.
 D = Time resting spent in this place.
 E = Time spent auto-exploring this place.
 F = Levels seen in this place.
 G = Mean time per level.
                   A        B        C        D        E       F      G
               +--------+--------+--------+--------+--------+-----+--------+
         Total |  15979 |  14274 |   1705 |    226 |  10210 |  20 |  799.0 |
       Dungeon |   9572 |   8307 |   1265 |    134 |   6277 |  11 |  870.2 |
        Temple |     30 |      1 |     29 |      0 |      0 |   1 |   30.0 |
          Lair |   5453 |   5059 |    394 |     91 |   3381 |   5 | 1090.6 |
  Orcish Mines |    725 |    709 |     16 |      0 |    452 |   2 |  362.5 |
       Ossuary |    195 |    195 |      0 |      0 |    100 |   1 |  195.0 |
               +--------+--------+--------+--------+--------+-----+--------+

Top non-repeatable levels by time:
     D:6: 1491 daAuts
  Lair:5: 1271 daAuts
     D:5: 1249 daAuts
     D:2: 1124 daAuts
  Lair:3: 1112 daAuts
  Lair:1: 1058 daAuts
  Lair:2: 1020 daAuts
  Lair:4: 990 daAuts
     D:9: 975 daAuts
    D:10: 968 daAuts
     D:3: 815 daAuts
     D:1: 807 daAuts
     D:8: 762 daAuts
     D:7: 742 daAuts
     D:4: 623 daAuts
